 Dungeon Crawl Stone Soup version 0.30-a0-424-g7412bad402 (webtiles) character file.

Game seed: 5525965626446381342

579644 AigisTheKnight the Devastator (level 27, -3/158 HPs)
             Began as a Gargoyle Earth Elementalist on Dec 9, 2022.
             Was an Elder of Elyvilon.
             Killed from afar by an orb of fire (29 damage)
             ... with a bolt of fire
             ... on level 5 of the Realm of Zot on Dec 10, 2022.
             The game lasted 05:33:56 (85404 turns).

AigisTheKnight the Devastator (GrEE)               Turns: 85404, Time: 05:33:57

Health: -3/158     AC: 61    Str: 18 (20) XL:     27
Magic:  16/45      EV: 13    Int: 30      God:    Elyvilon [****..]
Gold:   5169       SH: 23    Dex: 10      Spells: 8/53 levels left

rFire   + + .      SeeInvis +    t - +3 Elemental Staff {rElec rF++ rC++ AC+5}
rCold   + + +      Faith    .    v - +4 tower shield {rN+}
rNeg    + + .      Spirit   .    P - +4 chain mail of the Falcon {rC+ Regen+ Int+3 Stlth-}
rPois   ∞          Reflect  .    j - +3 crown of Dyrovepreva {rElec Int+2 SInv}
rElec   +          Harm     .    H - +2 cloak {rCorr}
rCorr   +          Rampage  .    M - +2 pair of gloves {Str+3}
Will    ++...                    g - +2 pair of boots
Stlth   ..........               F - amulet of magic regeneration
HPRegen 1.26/turn                o - ring "Tumuran" {rC+ EV+4 Str+2}
MPRegen 0.69/turn                w - ring of magical power

@: swift (expiring), marked, flying, unable to read, unable to drink, very quick
A: sickness immunity, AC +20, big wings, negative energy resistance 1,
electricity resistance, torment resistance 1, petrification resistance, horns 1,
iridescent scales 1, thin skeletal structure 1, clumsy 1, deterioration 2, frail
1, low MP 1, screaming 2, weak 1, no potion heal 1, subdued magic 3, inability
to drink after injury 2, inability to read after injury 2
}: 3/15 runes: decaying, serpentine, silver
a: Renounce Religion, Purification, Heal Other, Heal Self


You were on level 5 of the Realm of Zot.
You worshipped Elyvilon.
Elyvilon was greatly pleased with you.
You visited 11 branches of the dungeon, and saw 52 of its levels.
You visited the Abyss 3 times.
You also visited: Bailey and Ice Cave.

You collected 9332 gold pieces.
You spent 4163 gold pieces at shops.

Inventory:

Hand Weapons
 t - the +3 Elemental Staff (weapon) {rElec rF++ rC++ AC+5}
   (You bought it in a shop on level 13 of the Dungeon)

   If the wielder is skilled in Evocations, they can discharge powerful blasts
   of elemental energy when striking with it.
   It enhances your fire, ice, earth and air magic.
   AC:        It affects your AC (+5).
   rF:        It greatly protects you from fire.
   rC:        It greatly protects you from cold.
   rElec:     It insulates you from electricity.
Missiles
 J - a throwing net
Armour
 g - a +2 pair of boots (worn)
 j - the +3 crown of Dyrovepreva (worn) {rElec Int+2 SInv}
   (You found it on level 1 of the Realm of Zot)

   Int:       It affects your intelligence (+2).
   rElec:     It insulates you from electricity.
   SInv:      It lets you see invisible.
 v - a +4 tower shield of positive energy (worn)
 H - a +2 cloak of preservation (worn)
 K - +6 gold dragon scales
 M - a +2 pair of gloves of strength (worn)
 P - the +4 chain mail of the Falcon (worn) {rC+ Regen+ Int+3 Stlth-}
   (You bought it in a shop on level 7 of the Dungeon)

   Int:       It affects your intelligence (+3).
   rC:        It protects you from cold.
   Regen:     It increases your rate of health regeneration.
   Stlth:     It makes you less stealthy.
 R - the +2 faerie dragon scales {Will+ rCorr Dex+2 Stlth+}
   (You took it off the Enchantress on level 2 of the Depths)

   Dex:       It affects your dexterity (+2).
   rCorr:     It protects you from acid and corrosion.
   Will:      It increases your willpower.
   Stlth:     It makes you more stealthy.
 S - the -2 hat of the Alchemist {rElec rPois rF+ rC+ rN+ Will+ rMut rCorr}
   (You bought it in a shop on level 2 of the Orcish Mines)

   rF:        It protects you from fire.
   rC:        It protects you from cold.
   rElec:     It insulates you from electricity.
   rPois:     It protects you from poison.
   rN:        It protects you from negative energy.
   rCorr:     It protects you from acid and corrosion.
   rMut:      It protects you from mutation.
   Will:      It increases your willpower.
Jewellery
 o - the ring "Tumuran" (left hand) {rC+ EV+4 Str+2}
   (You took it off a deep elf zephyrmancer on level 3 of the Elven Halls)

   [ring of evasion]

   EV:        It affects your evasion (+4).
   Str:       It affects your strength (+2).
   rC:        It protects you from cold.
 q - the ring "Teteyvyi" {rF+ rC+ Slay+3}
   (You found it on level 1 of the Depths)

   [ring of protection from cold]

   Slay:      It affects your accuracy & damage with ranged weapons and melee
   (+3).
   rF:        It protects you from fire.
   rC:        It protects you from cold.
 u - a ring of willpower
 w - a ring of magical power (right hand)
 y - the ring "Fufeduw" {Ice Will+ Int+2}
   (You took it off Josephina on level 2 of the Depths)

   [ring of ice]

   It enhances your ice magic.
   Int:       It affects your intelligence (+2).
   rF:        It makes you vulnerable to fire.
   rC:        It protects you from cold.
   Will:      It increases your willpower.
 A - a ring of see invisible
 F - an amulet of magic regeneration (around neck)
 N - the necklace of Bloodlust {*Rage Will++ Int-3 Slay+6}
   (You found it on level 3 of the Elven Halls)

   [amulet of nothing]

   It extends the wearer's berserk rage when killing foes.
   Int:       It affects your intelligence (-3).
   Slay:      It affects your accuracy & damage with ranged weapons and melee
   (+6).
   *Rage:     It berserks you when you make melee attacks (+50% chance).
   Will:      It greatly increases your willpower.
Wands
 I - a wand of roots (22)
 Q - a wand of digging (27)
 U - a wand of mindburst (4)
 V - a wand of light (4)
 Z - a wand of paralysis (59)
Scrolls
 d - 10 scrolls of poison
 e - 13 scrolls of fog
 k - 2 scrolls of brand weapon
 m - 8 scrolls of fear
 r - 7 scrolls of immolation
 z - 10 scrolls of magic mapping
 C - 9 scrolls of teleportation
 E - 5 scrolls of amnesia
 G - a scroll of silence
 L - 3 scrolls of blinking
 O - 9 scrolls of enchant weapon
 T - 10 scrolls of summoning
Potions
 a - a potion of resistance
 b - 6 potions of magic
 f - 7 potions of haste
 h - 5 potions of brilliance
 l - 7 potions of lignification
 n - 6 potions of might
 p - 21 potions of curing
 x - 3 potions of ambrosia
 B - 4 potions of heal wounds
 W - a potion of cancellation
Miscellaneous
 c - a phantom mirror (inert)
 i - a tin of tremorstones (2/2)
 s - a phial of floods
 D - a lightning rod (4/4)
 X - a condenser vane


   Skills:
 + Level 18.9 Fighting
 - Level 8.5 Staves
 + Level 19.3 Armour
 - Level 7.6 Dodging
 - Level 3.6 Stealth
 + Level 18.6 Shields
 - Level 13.5 Spellcasting
 + Level 20.0 Conjurations
 - Level 12.4 Hexes
 + Level 10.8 Summonings
 - Level 10.4 Translocations
 - Level 9.7 Transmutations
 - Level 3.1 Air Magic
 + Level 16.6 Earth Magic
 - Level 10.0 Invocations
 - Level 11.0 Evocations


You had 8 spell levels left.
You knew the following spells:

 Your Spells              Type           Power      Damage    Failure   Level
a - Sandblast             Erth           100%       2d20      0%          1
b - Stone Arrow           Conj/Erth      100%       3d13      0%          3
c - Blink                 Tloc           86%        N/A       1%          2
d - Swiftness             Air            31%        N/A       14%         3
e - Irradiate             Conj/Tmut      27%        3d20      1%          5
f - Passage of Golubria   Tloc           43%        N/A       1%          4
g - Yara's Violent Unrav  Hex/Tmut       22%        3d10      4%          5
h - Iron Shot             Conj/Erth      40%        9d8       1%          6
i - Passwall              Tmut/Erth      56%        N/A       1%          2
j - Animate Armour        Summ/Erth      100%       N/A       1%          4
k - Summon Forest         Summ/Tloc      22%        N/A       4%          5
l - Lee's Rapid Deconstr  Erth           38%        3d19*     1%          5

Your spell library contained the following spells:

 Spells                   Type           Power      Damage    Failure   Level
 Magic Dart               Conj           100%       1d8       0%          1
 Momentum Strike          Conj/Tloc      100%       3d10      0%          2
 Searing Ray              Conj           100%       2d8       0%          2
 Foxfire                  Conj/Fire      100%       2x1d9     1%          1
 Kiss of Death            Conj/Necr      100%       2d13      1%          1
 Shock                    Conj/Air       100%       1d9       1%          1
 Sting                    Tmut/Pois      100%       1d8       1%          1
 Call Imp                 Summ           44%        N/A       1%          2
 Ensorcelled Hibernation  Hex/Ice        90%        N/A       1%          2
 Wereblood                Tmut           41%        N/A       1%          2
 Confusing Touch          Hex            49%        N/A       1%          3
 Gell's Gravitas          Tloc           43%        N/A       1%          3
 Hailstorm                Conj/Ice       59%        3d13      1%          3
 Lesser Beckoning         Tloc           86%        N/A       1%          3
 Mephitic Cloud           Conj/Pois/Air  51%        N/A       1%          3
 Teleport Other           Tloc           43%        N/A       1%          3
 Tukima's Dance           Hex            49%        N/A       1%          3
 Fulminant Prism          Conj/Hex       29%        3d14      1%          4
 Leda's Liquefaction      Hex/Erth       35%        N/A       1%          4
 Petrify                  Tmut/Erth      68%        N/A       1%          4
 Iskenderun's Battlesphe  Conj           65%        2d11      1%          5
 Vhi's Electric Charge    Tloc/Air       96%        N/A       2%          3
 Orb of Destruction       Conj           32%        9d10      2%          7
 Inner Flame              Hex/Fire       45%        N/A       3%          3
 Arcjolt                  Conj/Air       31%        1d41      3%          5
 Summon Mana Viper        Hex/Summ       47%        N/A       3%          5
 Spider Form              Tmut/Pois      26%        N/A       6%          3
 Fireball                 Conj/Fire      29%        3d13      7%          5
 Blade Hands              Tmut           20%        N/A       8%          5
 Poisonous Vapours        Pois/Air       46%        N/A       13%         2
 Anguish                  Hex/Necr       15%        N/A       13%         4
 Freeze                   Ice            64%        1d7       17%         1
 Summon Ice Beast         Ice/Summ       41%        N/A       19%         4
 Conjure Ball Lightning   Conj/Air       31%        3x3d10    24%         6
 Spellforged Servitor     Conj/Summ      28%        N/A       26%         7
 Summon Cactus Giant      Summ           22%        N/A       32%         6
 Airstrike                Air            15%        2d(3-19)  47%         4
 Frozen Ramparts          Ice            32%        1d5       52%         3
 Ozocubu's Armour         Ice            16%        N/A       52%         3
 Lehudib's Crystal Spear  Conj/Erth      40%        10d10     56%         8
 Enfeeble                 Hex            24%        N/A       73%         7
 Dispel Undead            Necr           10%        3d9       91%         4
 Olgreb's Toxic Radiance  Pois           10%        N/A       91%         4
 Monstrous Menagerie      Summ           22%        N/A       91%         7
 Summon Hydra             Summ           22%        N/A       91%         7
 Dragon Form              Tmut           20%        N/A       98%         7
 Ozocubu's Refrigeration  Ice            8%         4d9       100%        7
 Ignition                 Fire           8%         3d5       100%        8
 Maxwell's Capacitive Co  Air            15%        ∞         100%        8
 Statue Form              Tmut/Erth      Unusable   N/A       N/A         6
 Sublimation of Blood     Necr           Unusable   N/A       N/A         2

Dungeon Overview and Level Annotations

Branches:
Dungeon (15/15)            Temple (1/1) D:4            Lair (5/5) D:11
  Swamp (4/4) Lair:3        Snake (4/4) Lair:2        Slime (4/5) Lair:5
    Orc (2/2) D:10            Elf (3/3) Orc:2        Vaults (5/5) D:13
  Crypt (0/3) Vaults:2     Depths (4/4) D:15            Zot (5/5) Depths:4
 Bailey (visited)           IceCv (visited)

Altars:
Ashenzari
Dithmenos
Elyvilon
Fedhas
Gozag
Hepliaklqana
Kikubaaqudgha
Makhleb
Nemelex Xobeh
Ru
Sif Muna
Trog
Uskayaw
Vehumet
Wu Jian
Xom
Yredelemnul
Zin
The Shining One
Jiyva

Shops:
D:7 [   D:8 (   D:10 [   D:13 (   D:15 *   Orc:2 ([*:   Vaults:2 =   Vaults:4 *
Depths:4 (

Portals:
Hell: Depths:1 Depths:2 Depths:3 Depths:4
Abyss: Depths:3
Pandemonium: Depths:2
Ziggurat: Depths:1

Annotations:
Zot:4 Tiamat


Innate Abilities, Weirdness & Mutations

You are immune to sickness and miasma.
Your stone body is resilient. (AC +20)
You are immune to poison.
Your large and strong wings let you fly.
You resist negative energy. (rN+)
You are resistant to electric shocks. (rElec)
You are resistant to unholy torment.
You are immune to petrification.
You have a pair of small horns on your head.
You are partially covered in iridescent scales. (AC +2)
You have a somewhat thin skeletal structure. (Dex +2, Stealth+)
You are clumsy. (Dex -2)
Your body often deteriorates upon taking damage.
You are frail. (-10% HP)
Your magical capacity is low. (-10% MP)
You frequently scream uncontrollably at your foes.
You are weak. (Str -2)
Potions are less effective at restoring your health.
Your spells are much easier to cast, but much less powerful.
You sometimes lose the ability to drink potions when taking damage.
You sometimes lose the ability to read scrolls when taking damage.


Message History

Unknown command.
You cannot read scrolls in your current state!
Unknown command.
The orb of fire glows bright magenta.
The bolt of fire hits the orb of fire.
The orb of fire completely resists.
The bolt of fire hits you! You resist.
* * * LOW HITPOINT WARNING * * *
The orb of fire glows red.
Strange energies course through your body.
You lose the ability to read scrolls when taking damage more often.
Casting: Swiftness (mildly dangerous; 13% risk of failure)
Confirm with . or Enter, or press ? or * to list all spells.
You blink.
Unknown command.
You are healed.
The orb of fire glows deep purple.
The bolt of fire hits you! You resist.
* * * LOW HITPOINT WARNING * * *
The orb of fire pulls the alarm!
The alarm trap emits a blaring wail!
A sentinel's mark forms upon you.
The Killer Klown blinks!
Casting: Blink (safe; 1% risk of failure)
Confirm with . or Enter, or press ? or * to list all spells.
You blink.
The orb of fire glows deep purple.
The bolt of fire hits the orb of fire.
The orb of fire completely resists.
The bolt of fire hits you!! You resist.
* * * LOW HITPOINT WARNING * * *
Your body deteriorates!
You feel weakened.
The orb of fire glows deep purple.
The fireball explodes!
The fireball engulfs you! You resist.
* * * LOW HITPOINT WARNING * * *
Unknown command.
You are healed.
Unknown command.
You start to feel a little slower.
The orb of fire glows deep purple.
The bolt of fire hits you!! You resist.
You die...

..#### #......#... ..#
##.....###.. ### ##.....###...
##..<......... #####
##............. #...#
##.....#........
###########...####...^.###.......
.....D.......*........###.⌠......
..........p.*.*.@..<.###.........
..=..p.....X........###.........#
...########§..########.....<...##
#### #...#### ##..........# ####
###....###...........# ...##
#................####
....########..............###
.........................##
........⌠...............##


You could see 3 orbs of fire, a Killer Klown and an Orb Guardian.

Vanquished Creatures
  2 dread liches (Vaults:4)
  2 orbs of fire
  Mara (Vaults:3)
  3 ancient liches
  Sojobo (Depths:3)
  Josephina (Depths:2)
  Bai Suzhen (Snake:4)
  Parghit (Zot:2)
  Vashnia (Snake:4)
  3 caustic shrikes
  11 golden dragons
  2 bone dragons
  the Enchantress (Depths:2)
  15 tentacled monstrosities
  An electric golem (Zot:4)
  Rupert (D:14)
  5 titans
  9 Orb Guardians (Zot:5)
  A walking earthen tome (Depths:3)
  4 deep elf blademasters (Elf:3)
  9 quicksilver dragons
  3 deep elf master archers (Elf:3)
  3 liches
  5 death cobs
  7 sphinxes
  3 tentacled starspawn (Abyss:3)
  7 tengu reavers
  7 acid blobs
  7 shadow dragons
  A thorn hunter (Swamp:4)
  Gastronok (D:11)
  2 draconian monks
  Donald (Snake:2)
  2 azure jellies
  2 rockslimes (Slime:1)
  9 storm dragons
  9 deep elf sorcerers
  12 fire giants
  7 nagarajas
  7 draconian knights
  3 fenstrider witches (Swamp:4)
  A ghost moth (Depths:4)
  8 frost giants
  A balrug (Depths:4)
  Aizul (Snake:2)
  3 ghouls
  A cacodemon (Abyss:3)
  3 draconian scorchers
  An iron dragon (D:15)
  A draconian stormcaller (Zot:2)
  11 vault wardens
  An angel (Abyss:3)
  4 deep elf elementalists
  5 orc warlords
  5 spriggan defenders (Depths:3)
  5 war gargoyles
  3 draconian annihilators
  16 stone giants
  28 very ugly things
  9 ironbound thunderhulks
  A reaper (Depths:2)
  3 quicksilver oozes
  The ghost of Aplut the Severer, a journeyman MiBe of Trog (Lair:3)
  21 ironbound preservers
  3 vampire knights
  8 deep elf demonologists
  Nessos (Lair:5)
  7 black draconians
  11 purple draconians
  4 green draconians
  20 dire elephants
  4 spark wasps
  4 red draconians
  12 bunyips
  6 white draconians
  An eleionoma (Swamp:3)
  5 yellow draconians
  10 deep elf annihilators
  12 deep elf death magi
  10 ettins
  3 blizzard demons
  A crystal guardian (Vaults:1)
  Snorg (Lair:5)
  4 shambling mangroves
  5 deep elf high priests
  An entropy weaver (Vaults:5)
  2 jiangshi (Depths:2)
  3 rakshasas
  38 vault guards
  11 yaktaur captains
  7 fire dragons
  Harold (D:11)
  11 ice dragons
  3 peacekeepers
  The ghost of pokeman the Eclecticist, a journeyman DEHW of Vehumet (D:12)
  5 salamander tyrants
  10 great orbs of eyes
  14 hydras
  7 ironbound frosthearts
  An ogre mage (Swamp:4)
  A ghost crab (Swamp:3)
  7 spriggan air magi
  A spriggan skeleton (Depths:2)
  7 centaur warriors
  A two-headed ogre (shapeshifter) (Vaults:4)
  4 anacondas
  4 boulder beetles
  12 alligators
  7 death yaks (Lair:5)
  9 tengu warriors
  2 two-headed ogres
  31 dancing weapons
  6 deep troll shamans
  2 thrashing horrors (Abyss:3)
  21 naga warriors
  8 deep troll earth magi
  A sun demon (Depths:2)
  4 orc high priests (Orc:2)
  3 vampire magi
  10 naga sharpshooters
  A soul eater (Depths:1)
  6 spriggan berserkers
  8 shock serpents
  18 deep elf knights
  2 wretched stars (Abyss:3)
  The ghost of krigyl the Covered, a novice AtFi of Ashenzari (D:8)
  A fire crab (Lair:5)
  4 hell knights
  An iron troll (shapeshifter) (Depths:4)
  10 salamander mystics
  2 shadow wraiths
  8 iron trolls
  The ghost of DyvineHeals the Magician, a novice DrCj (D:8)
  4 sea snakes (Snake:2)
  6 skeletal warriors
  3 goliath frogs
  5 sixfirhies
  3 flayed ghosts
  2 glowing orange brains
  65 deep trolls
  A spectral anaconda (Lair:5)
  3 spriggan druids
  2 obsidian statues
  A naga ritualist (Snake:2)
  7 swamp dragons
  8 deep elf archers
  11 wizards
  5 lindwurms (Vaults:1)
  3 bog bodies
  5 starcursed masses (Abyss:3)
  20 ironbound convokers
  5 harpies (Vaults:5)
  7 necromancers
  An orange crystal statue (IceCv)
  30 deep elf pyromancers
  A lindwurm (shapeshifter) (Depths:2)
  10 orc knights
  33 deep elf zephyrmancers
  6 mana vipers
  2 phantasmal warriors (Vaults:5)
  A shadow dragon zombie (Depths:2)
  9 shining eyes
  51 ugly things
  8 orc sorcerers
  4 cyclopes
  29 salamanders
  7 will-o-the-wisps
  2 worldbinders (Abyss:3)
  6 manticores
  3 rust devils
  2 guardian serpents
  16 moths of wrath
  20 black mambas
  26 elephants
  An ice statue (D:15)
  A human skeleton (Vaults:5)
  An apocalypse crab (Abyss:3)
  3 smoke demons
  A centaur zombie (Abyss:3)
  15 cane toads
  4 eyes of devastation
  18 vault sentinels
  5 large abominations (Abyss:3)
  23 naga magi
  2 orange demons
  An unseen horror (D:12)
  2 torpor snails (shapeshifter)
  A cane toad (shapeshifter) (Vaults:5)
  A gargoyle (D:14)
  A demonic crawler (Abyss:3)
  2 efreet
  2 kobold demonologists (D:10)
  A spark wasp simulacrum (Depths:2)
  3 tormentors (Abyss:3)
  3 freezing wraiths
  6 komodo dragons
  A yaktaur zombie (Vaults:2)
  A torpor snail (Lair:5)
  6 ancient zymes (Abyss:3)
  34 yaktaurs
  18 rime drakes
  2 golden dragon simulacra (Depths:2)
  2 red devils
  A hellwing (Swamp:4)
  4 guardian mummies (D:14)
  6 tengu conjurers
  A troll (shapeshifter) (D:14)
  7 trolls
  4 meliai (Abyss:3)
  A meliai (shapeshifter) (Depths:4)
  21 polar bears
  A polar bear (shapeshifter) (Vaults:5)
  A shadow dragon simulacrum (Depths:2)
  A queen bee (Abyss:3)
  A wind drake (shapeshifter) (Vaults:5)
  A tengu simulacrum (Depths:2)
  11 tyrant leeches
  19 hornets
  94 slime creatures
  2 sphinx simulacra
  4 raiju (Abyss:3)
  A blink frog (shapeshifter) (Elf:3)
  8 blink frogs
  A snapping turtle (shapeshifter) (Vaults:5)
  A dream sheep (shapeshifter) (Depths:1)
  4 flying skulls (Abyss:3)
  3 air elementals
  2 shadows
  An ettin skeleton (Vaults:2)
  A dire elephant simulacrum (Lair:5)
  2 wraiths
  23 yaks
  10 spriggans
  6 wyverns
  3 steam dragons
  4 water elementals
  3 fire elementals
  5 basilisks
  3 chaos spawn (Swamp:4)
  10 golden eyes
  An elf skeleton (Vaults:2)
  4 neqoxecs
  A redback (Vaults:5)
  2 death yak simulacra (Lair:5)
  48 nagas
  A redback (shapeshifter) (Vaults:5)
  A swamp worm (shapeshifter) (Vaults:5)
  22 vampire mosquitoes
  A warg (Orc:1)
  12 swamp worms
  8 water moccasins
  2 hydra simulacra (Lair:3)
  4 acid dragons
  A glowing shapeshifter skeleton (Vaults:5)
  5 small abominations (Abyss:3)
  A floating eye (Depths:4)
  38 orc warriors
  A sky beast (D:7)
  3 swamp drakes
  4 ice beasts
  8 black bears
  9 ogres
  9 centaurs
  16 wolves
  3 phantoms
  An elephant skeleton (Lair:5)
  4 kobold brigands
  A nameless horror (Depths:4)
  11 bullfrogs
  3 scorpions
  An earth elemental (Elf:2)
  A necrophage (D:5)
  3 gnoll sergeants
  A cane toad simulacrum (Lair:3)
  2 glowing shapeshifter simulacra
  13 wights
  2 elephant simulacra
  A blink frog simulacrum (Lair:3)
  6 killer bees
  7 electric eels
  7 howler monkeys
  10 hounds
  A komodo dragon simulacrum (Lair:3)
  15 orc priests
  A jelly (shapeshifter) (Depths:4)
  2 iguanas
  29 orc wizards
  4 mummies (D:14)
  16 gnolls
  9 adders
  6 white imps
  3 ufetubi
  A worm (D:4)
  4 dart slugs
  76 orcs
  7 bats
  14 endoplasms
  2 giant cockroaches
  23 goblins
  8 hobgoblins
  7 jackals (D:2)
  35 kobolds
  3 quokkas
  6 ball pythons
  4 frilled lizards
  7 rats
  2 starspawn tentacles (Abyss:3)
2186 creatures vanquished.

Vanquished Creatures (collateral kills)
  A caustic shrike (Depths:3)
  The ghost of Hobutago the Black Belt, an adept DsBe of Trog (Depths:4)
  A draconian knight (Zot:1)
  A cacodemon (Depths:4)
  2 very ugly things (Depths:3)
  A blizzard demon (Depths:4)
  An iron troll (Depths:3)
  A salamander mystic (Depths:3)
  An ironbound convoker (Vaults:5)
  A necromancer (Vaults:5)
  An ugly thing (Depths:3)
  A smoke demon (Depths:4)
  A vault sentinel (Vaults:5)
14 creatures vanquished.

Vanquished Creatures (others)
  A frost giant (IceCv)
  A draconian stormcaller (Depths:4)
  A deep elf elementalist (Elf:3)
  An eleionoma (Swamp:1)
  A blizzard demon (Abyss:3)
  An ice dragon (IceCv)
  An alligator (Swamp:2)
  4 deep elf knights
  A deep elf archer (Elf:1)
  2 deep elf pyromancers (Elf:1)
  2 deep elf zephyrmancers (Elf:1)
  A will-o-the-wisp (Swamp:1)
  A black mamba (Snake:2)
  A rust devil (Depths:4)
  A meliai (Abyss:3)
  2 bloated husks
  An air elemental (Elf:3)
  A spriggan (Swamp:2)
  A neqoxec (Depths:4)
  3 nagas (Snake:4)
  A kobold brigand (D:10)
  An orc priest (Orc:2)
  35 foxfires
  38 fungi
  66 plants
  3 snaplasher vines
  8 starspawn tentacles (Abyss:3)
  39 withered plants
219 creatures vanquished.

Grand Total: 2419 creatures vanquished

Notes
Turn   | Place    | Note
-------+----------+-------------------------------------------
     0 | D:1      | AigisTheKnight the Gargoyle Earth Elementalist began the
                  | quest for the Orb.
     0 | D:1      | Reached XP level 1. HP: 10/10 MP: 3/3
   116 | D:1      | Reached XP level 2. HP: 16/16 MP: 1/5
   223 | D:1      | Reached skill level 1 in Fighting
   451 | D:1      | Found a faded altar of an unknown god.
   653 | D:1      | Reached XP level 3. HP: 15/20 MP: 1/6
  1339 | D:2      | Learned a level 3 spell: Stone Arrow
  1361 | D:2      | Reached skill level 1 in Armour
  1361 | D:2      | Reached XP level 4. HP: 25/26 MP: 2/8
  2246 | D:3      | Reached XP level 5. HP: 30/30 MP: 7/9
  3207 | D:4      | Noticed a phantom
  3211 | D:4      | Killed a phantom
  3212 | D:4      | Reached skill level 5 in Earth Magic
  3212 | D:4      | Reached XP level 6. HP: 37/37 MP: 6/11
  3322 | D:4      | Found an opulent altar of Gozag.
  3471 | D:4      | Found a staircase to the Ecumenical Temple.
  3484 | Temple   | Entered the Ecumenical Temple
  3603 | Temple   | Became a worshipper of Elyvilon the Healer
  4339 | D:5      | Entered Level 5 of the Dungeon
  4767 | D:5      | Reached XP level 7. HP: 40/42 MP: 8/12
  4867 | D:5      | Reached * piety under Elyvilon
  4960 | D:5      | Learned a level 2 spell: Blink
  4999 | D:5      | Reached skill level 1 in Transmutations
  5202 | D:5      | Reached XP level 8. HP: 47/48 MP: 7/14
  5328 | D:5      | Found a glowing golden altar of the Shining One.
  5437 | D:5      | Found a shimmering altar of Xom.
  5684 | D:5      | Found a shimmering blue altar of Sif Muna.
  6014 | D:6      | Reached skill level 5 in Fighting
  6128 | D:6      | Reached ** piety under Elyvilon
  6252 | D:6      | Reached skill level 5 in Spellcasting
  6258 | D:6      | Reached skill level 5 in Armour
  6842 | D:6      | Reached XP level 9. HP: 54/54 MP: 11/16
  7008 | D:6      | Reached *** piety under Elyvilon
  7115 | D:6      | Reached skill level 1 in Conjurations
  7445 | D:7      | Reached skill level 2 in Conjurations
  7445 | D:7      | Reached skill level 1 in Translocations
  7808 | D:7      | Found Jiutexzo's Antique Armour Shoppe.
  7814 | D:7      | Bought a runed helmet for 180 gold pieces
  8139 | D:7      | Reached skill level 1 in Air Magic
  8496 | D:8      | Found Tuzanoimm's Antique Weapon Shop.
  8499 | D:8      | Reached skill level 3 in Conjurations
  8623 | D:8      | Noticed a hornet
  8720 | D:8      | Reached **** piety under Elyvilon
  8742 | D:8      | Killed a hornet
  8910 | D:8      | Identified the +1 plate armour of Plasticity {Will+ Stlth+}
  9019 | D:8      | Found a runed translucent gate.
  9019 | D:8      | Found a runed translucent gate.
  9019 | D:8      | Found a runed translucent gate.
  9020 | D:8      | Noticed DyvineHeals's ghost (novice DrCj)
  9021 | D:8      | Noticed krigyl's ghost (novice AtFi)
  9092 | D:8      | Reached XP level 10. HP: 58/61 MP: 5/19
  9421 | D:8      | You fall into a shaft and drop 3 floors!
  9474 | D:11     | Noticed a two-headed ogre
  9559 | D:11     | Noticed Harold
  9614 | D:12     | Killed an unseen horror
  9718 | D:12     | Reached skill level 1 in Shields
  9729 | D:12     | Learned a level 3 spell: Swiftness
  9867 | D:12     | Noticed pokeman's ghost (journeyman DEHW)
  9870 | D:12     | Found a runed translucent door.
  9901 | D:12     | Reached skill level 4 in Conjurations
 10047 | D:12     | Noticed a cyclops
 10050 | D:12     | Killed a cyclops
 10051 | D:12     | Reached skill level 1 in Invocations
 10111 | D:11     | Noticed Gastronok
 10125 | D:11     | Reached ***** piety under Elyvilon
 10134 | D:11     | Noticed a two-headed ogre
 10617 | D:10     | Entered Level 10 of the Dungeon
 10617 | D:10     | Found a staircase to the Orcish Mines.
 10617 | D:10     | Found Lihagon's Armour Boutique.
 10849 | D:10     | Noticed a kobold demonologist
 10850 | D:10     | Noticed a kobold demonologist
 10874 | D:10     | Killed a kobold demonologist
 11288 | D:9      | Reached XP level 11. HP: 68/68 MP: 15/21
 11309 | D:9      | Found a flagged portal.
 11445 | D:9      | Reached skill level 5 in Conjurations
 11507 | Bailey   | Entered a bailey
 11594 | Bailey   | Noticed an orc knight
 11740 | Bailey   | Killed an orc knight
 12652 | D:8      | Bought a runed mace for 180 gold pieces
 12683 | D:7      | Bought a leather armour for 48 gold pieces
 12686 | D:7      | Bought a jacinth-encrusted chain mail for 228 gold pieces
 12686 | D:7      | Identified the +4 chain mail of the Falcon {rC+ Regen+
                  | Int+3 Stlth-} (You bought it in a shop on level 7 of the
                  | Dungeon)
 12840 | D:10     | Paralysed by a kobold for 3 turns
 13757 | D:11     | Found a staircase to the Lair.
 13915 | D:11     | Killed Gastronok
 14066 | D:11     | Killed a two-headed ogre
 14067 | D:11     | Reached skill level 6 in Conjurations
 14067 | D:11     | Noticed a manticore
 14070 | D:11     | Killed Harold
 14072 | D:11     | Noticed a boulder beetle
 14074 | D:11     | Killed a manticore
 14189 | D:10     | Killed a two-headed ogre
 14190 | D:10     | Reached skill level 5 in Shields
 14190 | D:10     | Reached XP level 12. HP: 18/75 MP: 10/23
 14198 | D:10     | Killed a boulder beetle
 14199 | D:10     | Reached skill level 5 in Invocations
 14733 | Lair:1   | Entered Level 1 of the Lair of Beasts
 15301 | Lair:1   | Reached skill level 7 in Conjurations
 17214 | Lair:2   | Reached skill level 10 in Fighting
 17214 | Lair:2   | Reached skill level 8 in Conjurations
 17214 | Lair:2   | Reached XP level 13. HP: 78/82 MP: 3/25
 17368 | Lair:2   | Reached ****** piety under Elyvilon
 17662 | Lair:2   | Identified the ring "Nok Peto" {Fly rPois Will+ Str-5
                  | Dex+4}
 17914 | Lair:2   | Found a staircase to the Snake Pit.
 18384 | Lair:3   | Found a runed translucent gate.
 18384 | Lair:3   | Found a runed translucent gate.
 18384 | Lair:3   | Found a runed translucent gate.
 18662 | Lair:3   | Found a staircase to the Swamp.
 19157 | Lair:3   | Noticed Aplut's ghost (journeyman MiBe)
 19921 | Lair:4   | Reached skill level 10 in Armour
 20361 | Lair:4   | Reached skill level 9 in Conjurations
 21052 | Lair:5   | Entered Level 5 of the Lair of Beasts
 21062 | Lair:5   | Learned a level 5 spell: Irradiate
 21327 | Lair:5   | Noticed a dire elephant
 21686 | Lair:5   | Learned a level 4 spell: Passage of Golubria
 21788 | Lair:5   | Found a white marble altar of Elyvilon.
 21867 | Lair:5   | Found a viscous altar of Jiyva.
 21868 | Lair:5   | Found a staircase to the Slime Pits.
 22077 | Lair:5   | Noticed Nessos
 22410 | Lair:5   | Noticed Snorg
 22416 | Lair:5   | Killed Snorg
 22430 | Lair:5   | Gained mutation: Your large and strong wings let you fly.
                  | [Gargoyle growth]
 22430 | Lair:5   | Reached XP level 14. HP: 47/90 MP: 1/27
 22874 | Lair:5   | Killed Nessos
 23066 | Lair:5   | Reached skill level 10 in Spellcasting
 23229 | Lair:5   | Reached skill level 10 in Conjurations
 24843 | Lair:5   | Killed a dire elephant
 25412 | Lair:5   | Gained mutation: You are weak. (Str -2) [a neqoxec]
 26400 | D:8      | Killed DyvineHeals's ghost
 26445 | D:8      | Killed krigyl's ghost
 26716 | D:12     | Killed pokeman's ghost
 26717 | D:12     | Reached skill level 10 in Invocations
 26961 | D:13     | Identified the +5 sling of the Endless March {drain, +Blink
                  | rN+ SInv}
 27183 | D:13     | Found Hampuu Unia's Weapon Shoppe.
 27302 | D:13     | Reached skill level 11 in Conjurations
 27535 | D:13     | Found a gate to the Vaults.
 27535 | D:13     | Noticed an ironbound preserver
 27562 | D:13     | Lost mutation: You are weak. (Str -2) [potion of mutation]
 27562 | D:13     | Gained mutation: You sometimes lose your temper in combat.
                  | [potion of mutation]
 27562 | D:13     | Gained mutation: You have a somewhat thin skeletal
                  | structure. (Dex +2, Stealth+) [potion of mutation]
 27562 | D:13     | Gained mutation: Your mind is acute. (Int +4, Str/Dex -1)
                  | [potion of mutation]
 27625 | D:13     | Killed an ironbound preserver
 27626 | D:13     | Reached XP level 15. HP: 97/97 MP: 8/29
 28939 | D:13     | Bought the +3 Elemental Staff {rElec rF++ rC++ AC+5} for
                  | 1211 gold pieces
 28939 | D:13     | Found the +3 Elemental Staff {rElec rF++ rC++ AC+5}
 29036 | Orc:1    | Entered Level 1 of the Orcish Mines
 29298 | Orc:2    | Entered Level 2 of the Orcish Mines
 29858 | Orc:2    | Reached skill level 1 in Evocations
 30106 | Orc:2    | Noticed an orc warlord
 30182 | Orc:1    | Killed an orc warlord
 30183 | Orc:1    | Reached skill level 1 in Staves
 31050 | Orc:2    | Found a staircase to the Elven Halls.
 31551 | Orc:2    | Found Xaup's General Store.
 31552 | Orc:2    | Found Negiyloss's Book Boutique.
 31554 | Orc:2    | Found Gaptyebo's Antique Armour Shop.
 31554 | Orc:2    | Found Toific's Antique Weapon Shop.
 31895 | Swamp:1  | Entered Level 1 of the Swamp
 33184 | Swamp:2  | Reached skill level 12 in Conjurations
 33837 | Swamp:1  | Reached XP level 16. HP: 89/104 MP: 0/31
 36295 | Swamp:3  | Identified the +0 ring mail of Tenacity {rElec Will+}
 36473 | Swamp:4  | Entered Level 4 of the Swamp
 37059 | Swamp:4  | Reached skill level 5 in Staves
 37596 | Swamp:4  | Noticed a thorn hunter
 37613 | Swamp:4  | Killed a thorn hunter
 37813 | Swamp:4  | Reached skill level 5 in Evocations
 37998 | Swamp:4  | Noticed a tentacled monstrosity
 38006 | Swamp:4  | Killed a tentacled monstrosity
 38007 | Swamp:4  | Reached skill level 13 in Conjurations
 38156 | Swamp:4  | Noticed a fenstrider witch
 38160 | Swamp:4  | Killed a fenstrider witch
 38367 | Swamp:4  | Noticed a fenstrider witch
 38369 | Swamp:4  | Paralysed by a fenstrider witch for 3 turns
 38374 | Swamp:4  | Killed a fenstrider witch
 38375 | Swamp:4  | Reached XP level 17. HP: 108/111 MP: 8/33
 38899 | Swamp:4  | Noticed a tentacled monstrosity
 38966 | Swamp:4  | Killed a tentacled monstrosity
 39268 | Swamp:4  | Got a decaying rune of Zot
 39946 | Snake:1  | Entered Level 1 of the Snake Pit
 42233 | Snake:2  | Found a frozen archway.
 42369 | IceCv    | Entered an ice cave
 42817 | IceCv    | Reached skill level 15 in Fighting
 43159 | IceCv    | Identified the +2 robe of the Sky {rPois Str+2 Stlth+}
 43425 | IceCv    | Reached XP level 18. HP: 113/119 MP: 14/34
 44287 | Snake:2  | Noticed Aizul
 44309 | Snake:2  | Killed Aizul
 44543 | Snake:2  | Reached skill level 5 in Transmutations
 44757 | Snake:2  | Reached skill level 10 in Shields
 44886 | Snake:2  | Noticed Donald
 44903 | Snake:2  | Killed Donald
 45692 | Snake:3  | Reached skill level 15 in Armour
 46999 | Snake:4  | Entered Level 4 of the Snake Pit
 47498 | Orc:2    | Bought a manual of Hexes for 800 gold pieces
 47499 | Orc:2    | Bought a potion of mutation for 104 gold pieces
 48075 | Lair:3   | Killed Aplut's ghost
 48142 | Lair:3   | Got the ring "Pujeodwa" {Fire rCorr}
 48461 | Snake:4  | Reached skill level 1 in Hexes
 48620 | Snake:4  | Noticed Vashnia
 48676 | Snake:4  | Killed Vashnia
 49148 | Snake:4  | Reached XP level 19. HP: 125/125 MP: 21/35
 49666 | Snake:4  | Noticed Bai Suzhen
 49697 | Snake:4  | Killed Bai Suzhen
 50091 | Snake:4  | Got a serpentine rune of Zot
 50098 | Snake:4  | Learned a level 5 spell: Yara's Violent Unravelling
 50410 | Elf:1    | Entered Level 1 of the Elven Halls
 50537 | Elf:1    | You are sucked into a shaft and drop 1 floor!
 50551 | Elf:2    | Identified the +0 ring mail "Oqaugara" {rC+}
 50586 | Elf:2    | Reached skill level 5 in Hexes
 52030 | Elf:1    | Paralysed by an air elemental for 1 turns
 52037 | Elf:1    | Paralysed by an air elemental for 1 turns
 52473 | Elf:1    | Paralysed by an air elemental for 1 turns
 52633 | Elf:1    | Identified the +0 shortbow "Bamuskug" {freeze, rC+}
 52854 | Elf:2    | Found a runed translucent gate.
 52854 | Elf:2    | Found a runed translucent gate.
 52854 | Elf:2    | Found a runed translucent gate.
 52935 | Elf:2    | Identified 2 scrolls of acquirement
 53550 | Elf:2    | Reached XP level 20. HP: 118/131 MP: 26/36
 54105 | Elf:3    | Entered Level 3 of the Elven Halls
 54122 | Elf:3    | Acquired 677 gold pieces
 54123 | Elf:3    | Acquired 996 gold pieces
 54519 | Elf:3    | Reached skill level 10 in Evocations
 55306 | Elf:2    | Found a radiant altar of Vehumet.
 55584 | Elf:3    | Identified the +2 scimitar "Refec" {vorpal, Will+ Int+4
                  | SInv Stlth-}
 55584 | Elf:3    | Identified the +9 falchion of the Volcano {flame, *Noise
                  | +Blink rF+}
 55584 | Elf:3    | Identified the ring "Tumuran" {rC+ EV+4 Str+2}
 55627 | Elf:3    | Noticed a Tzitzimitl
 55638 | Elf:3    | Identified the +2 rapier of the Moon {flame, Str+2}
 56449 | Elf:3    | Found the necklace of Bloodlust {*Rage Will++ Int-3 Slay+6}
 56974 | D:14     | Noticed Rupert
 56985 | D:14     | Killed Rupert
 56986 | D:14     | Reached skill level 10 in Hexes
 57527 | D:15     | Entered Level 15 of the Dungeon
 57822 | D:15     | Found Ziorent's Assorted Antiques.
 57828 | D:15     | Bought a scroll of teleportation for 108 gold pieces
 58010 | D:15     | Found a staircase to the Depths.
 58284 | D:15     | Reached XP level 21. HP: 136/136 MP: 37/37
 58811 | Vaults:1 | Entered Level 1 of the Vaults
 59428 | Vaults:1 | Reached skill level 14 in Conjurations
 60250 | Vaults:2 | Found Gacawneug's Jewellery Emporium.
 60452 | Vaults:2 | Found a staircase to the Crypt.
 60546 | Vaults:2 | Got the Precepts of Kindling and Venin
 61871 | Vaults:3 | Reached skill level 15 in Shields
 61996 | Vaults:3 | Reached skill level 15 in Conjurations
 62060 | Vaults:3 | Noticed Mara
 62417 | Vaults:3 | Reached XP level 22. HP: 87/141 MP: 35/38
 62646 | Vaults:3 | Noticed AigisTheKnight's illusion
 63341 | Vaults:4 | Found Xuzxod's Assorted Antiques.
 63569 | Abyss:3  | Cast into level 3 of the Abyss (a deep elf sorcerer)
 63655 | Abyss:3  | Found a corrupted altar of Lugonu.
 63728 | Abyss:3  | Lost mutation: Your mind is acute. (Int +4, Str/Dex -1) [a
                  | cacodemon]
 63736 | Abyss:3  | Gained mutation: You are frail. (-10% HP) [a cacodemon]
 63919 | Vaults:4 | Escaped the Abyss
 64337 | Vaults:4 | Identified the +0 hat of Morality {+Inv}
 64348 | Vaults:4 | Found a radiant altar of Vehumet.
 64348 | Vaults:4 | Found the +5 robe of Night {Dark Will+ SInv}
 64354 | Vaults:4 | Reached skill level 16 in Conjurations
 64363 | Vaults:4 | Identified the +0 hat of True Grit {Rampage Dex+3}
 64365 | Vaults:4 | Identified the +0 hat "Birus" {Int+4}
 64711 | Vaults:4 | Learned a level 6 spell: Iron Shot
 65356 | Abyss:3  | Found a corrupted altar of Lugonu.
 65356 | Abyss:3  | Cast into level 3 of the Abyss (a wizard)
 65388 | Vaults:3 | Escaped the Abyss
 65504 | Vaults:3 | Reached XP level 23. HP: 131/131 MP: 40/40
 65544 | Vaults:3 | Noticed AigisTheKnight's illusion
 65729 | Vaults:3 | Paralysed by a great orb of eyes for 2 turns
 65963 | Vaults:3 | Learned a level 2 spell: Passwall
 66503 | Slime:1  | Entered Level 1 of the Pits of Slime
 66709 | Slime:2  | Reached skill level 10 in Earth Magic
 66712 | Slime:2  | Reached skill level 5 in Translocations
 66715 | Slime:2  | Reached skill level 1 in Summonings
 66765 | Slime:2  | Gained mutation: You occasionally shout uncontrollably at
                  | your foes. [a shining eye]
 67003 | Slime:2  | Paralysed by a great orb of eyes for 2 turns
 68273 | Slime:4  | Gained mutation: You frequently scream uncontrollably at
                  | your foes. [a shining eye]
 68274 | Slime:4  | Gained mutation: You are clumsy. (Dex -2) [a shining eye]
 68275 | Slime:4  | Gained mutation: Your body sometimes deteriorates upon
                  | taking damage. [a shining eye]
 68821 | Slime:3  | Gained mutation: You are dopey. (Int -2) [a shining eye]
 69648 | Depths:1 | Entered Level 1 of the Depths
 69787 | Depths:1 | Found the amulet of Vitality {RegenMP++ Regen++}
 69817 | Depths:1 | Identified the ring "Teteyvyi" {rF+ rC+ Slay+3}
 70198 | Depths:1 | Identified the +1 ring mail of Modesty {rPois MP+9 Str+2
                  | Dex+4}
 70529 | Depths:1 | Found a one-way gateway to a ziggurat.
 70633 | Depths:1 | Found a gateway to Hell.
 70819 | Depths:2 | Reached skill level 17 in Conjurations
 71050 | Depths:2 | Found a one-way gate leading to the halls of Pandemonium.
 71451 | Depths:2 | Identified the +10 morningstar "Oduohakh" {flame, rCorr}
 71451 | Depths:2 | Identified the +10 morningstar "Oduohakh" {flame, rCorr}
 71470 | Depths:2 | Identified the +5 dagger of the Curious Ears {freeze,
                  | Fragile rF+ rCorr Int+5}
 71475 | Abyss:3  | Cast into level 3 of the Abyss (a wizard)
 71558 | Abyss:3  | Reached skill level 5 in Summonings
 71590 | Abyss:3  | Reached XP level 24. HP: 136/136 MP: 24/40
 71641 | Abyss:3  | Paralysed by accursed screaming for 1 turns
 71651 | Abyss:3  | Paralysed by accursed screaming for 1 turns
 71918 | Depths:2 | Escaped the Abyss
 72159 | Depths:2 | Identified the ring "Fufeduw" {Ice Will+ Int+2}
 72159 | Depths:2 | Noticed Josephina
 72192 | Depths:2 | Killed Josephina
 72584 | Depths:2 | Lost mutation: Your body sometimes deteriorates upon taking
                  | damage. [potion of mutation]
 72584 | Depths:2 | Lost mutation: You frequently scream uncontrollably at your
                  | foes. [potion of mutation]
 72584 | Depths:2 | Gained mutation: You have a pair of small horns on your
                  | head. [potion of mutation]
 72584 | Depths:2 | Lost mutation: You are frail. (-10% HP) [potion of
                  | mutation]
 72584 | Depths:2 | Gained mutation: You are partially covered in iridescent
                  | scales. (AC +2) [potion of mutation]
 72816 | Depths:2 | Learned a level 4 spell: Animate Armour
 72822 | Depths:2 | Learned a level 5 spell: Summon Forest
 73135 | Depths:3 | Noticed a caustic shrike
 73135 | Depths:3 | Noticed a caustic shrike
 73135 | Depths:3 | Noticed a caustic shrike
 73143 | Depths:3 | Killed a caustic shrike
 73148 | Depths:3 | Noticed a caustic shrike
 73190 | Depths:2 | Killed a caustic shrike
 73243 | Depths:2 | Killed a caustic shrike
 73321 | Depths:3 | Killed a caustic shrike
 73405 | Depths:3 | Noticed Sojobo
 73423 | Depths:3 | Killed Sojobo
 73525 | Depths:3 | Found a one-way gate to the infinite horrors of the Abyss.
 73692 | Depths:3 | Was placed under penance by Elyvilon
 74371 | Depths:3 | Noticed the Enchantress
 74492 | Depths:2 | Gained mutation: You occasionally lose the ability to drink
                  | potions when taking damage. [mutagenic glow]
 74499 | Depths:2 | Killed the Enchantress
 74759 | Depths:4 | Entered Level 4 of the Depths
 74815 | Depths:4 | Reached skill level 18 in Conjurations
 75271 | Depths:4 | Found Fuoczuv's Weapon Emporium.
 75477 | Depths:4 | Reached XP level 25. HP: 159/159 MP: 34/40
 75501 | Depths:4 | Identified the +7 long sword "Uggu" {flame, Fly Int+3}
 75504 | Depths:4 | Gained mutation: You have hidden genetic defects. [a
                  | neqoxec]
 75582 | Depths:4 | Found a runed translucent door.
 75583 | Depths:4 | Found a shimmering altar of Xom.
 75584 | Depths:4 | Noticed Hobutago's ghost (adept DsBe)
 75686 | Depths:4 | Killed Hobutago's ghost
 76308 | Depths:4 | Was forgiven by Elyvilon
 76747 | Depths:4 | Found a gate to the Realm of Zot.
 77222 | Orc:2    | Lost mutation: You occasionally lose the ability to drink
                  | potions when taking damage. [potion of mutation]
 77222 | Orc:2    | Lost mutation: You are dopey. (Int -2) [potion of mutation]
 77224 | Orc:2    | Bought a book of the Earth for 360 gold pieces
 77230 | Orc:2    | Learned a level 5 spell: Lee's Rapid Deconstruction
 77239 | Orc:2    | Bought the -2 hat of the Alchemist {rElec rPois rF+ rC+ rN+
                  | Will+ rMut rCorr} for 944 gold pieces
 77239 | Orc:2    | Found the -2 hat of the Alchemist {rElec rPois rF+ rC+ rN+
                  | Will+ rMut rCorr}
 77556 | Vaults:3 | Killed Mara
 77827 | Vaults:3 | Gained mutation: You are occasionally teleported next to
                  | monsters. [hidden defects]
 78000 | Vaults:5 | Entered Level 5 of the Vaults
 78008 | Vaults:5 | Noticed a dread lich
 78091 | Vaults:4 | Killed a dread lich
 78242 | Vaults:5 | Noticed a dread lich
 78326 | Vaults:4 | Gained mutation: You frequently scream uncontrollably at
                  | your foes. [you]
 78327 | Vaults:4 | Killed a dread lich
 78333 | Vaults:4 | Gained mutation: Your body sometimes deteriorates upon
                  | taking damage. [hidden defects]
 78333 | Vaults:4 | Lost mutation: You have hidden genetic defects. [hidden
                  | defects expressed]
 78636 | Vaults:5 | Reached skill level 10 in Translocations
 78715 | Vaults:5 | Reached skill level 19 in Conjurations
 78716 | Vaults:5 | Reached XP level 26. HP: 74/168 MP: 9/40
 78795 | Vaults:5 | Reached skill level 15 in Earth Magic
 78862 | Vaults:5 | Noticed an ancient lich
 78875 | Vaults:5 | Killed an ancient lich
 79091 | Vaults:5 | Got a silver rune of Zot
 79465 | Vaults:5 | Identified the +0 chain mail "Oluynuf" {Contam Will- rCorr
                  | Str+10 Dex+2}
 80349 | Zot:1    | Entered Level 1 of the Realm of Zot
 80357 | Zot:1    | Reached skill level 5 in Dodging
 81062 | Zot:1    | Found the +3 crown of Dyrovepreva {rElec Int+2 SInv}
 81813 | Zot:2    | Noticed Parghit
 81916 | Zot:2    | Killed Parghit
 82256 | Zot:2    | Identified the +9 halberd of Dibuvvi {protect, rPois rCorr}
 82847 | Zot:3    | Reached skill level 10 in Summonings
 83053 | Zot:3    | Gained mutation: You occasionally lose the ability to drink
                  | potions when taking damage. [you]
 84327 | Zot:4    | Noticed an orb of fire
 84329 | Zot:4    | Gained mutation: Your spells are a little easier to cast,
                  | but a little less powerful. [an orb of fire]
 84334 | Zot:4    | Lost mutation: You sometimes lose your temper in combat.
                  | [an orb of fire]
 84344 | Zot:4    | Gained mutation: Armour fits poorly on your strangely
                  | shaped body. [an orb of fire]
 84345 | Zot:4    | Killed an orb of fire
 84570 | Zot:4    | Found the +4 dragonskin cloak
 84570 | Zot:4    | Noticed Tiamat
 84601 | Zot:5    | Entered Level 5 of the Realm of Zot
 84609 | Zot:5    | Noticed an ancient lich
 84609 | Zot:5    | Noticed an ancient lich
 84609 | Zot:5    | Noticed an orb of fire
 84611 | Zot:5    | Noticed an ancient lich
 84611 | Zot:5    | Noticed a Killer Klown
 84611 | Zot:5    | Noticed a Killer Klown
 84611 | Zot:5    | Noticed an orb of fire
 84618 | Zot:5    | Reached XP level 27. HP: 127/218 MP: 7/50
 84618 | Zot:5    | Noticed an orb of fire
 84618 | Zot:5    | Noticed a dread lich
 84620 | Zot:5    | Noticed a dread lich
 84620 | Zot:5    | Noticed a dread lich
 84623 | Zot:5    | Paralysed by a dread lich for 5 turns
 84623 | Zot:5    | Gained mutation: Potions are less effective at restoring
                  | your health. [mutagenic glow]
 84629 | Zot:5    | Gained mutation: Your magical capacity is low. (-10% MP)
                  | [an orb of fire]
 84629 | Zot:5    | HP: 4/218 [golden dragon (19)]
 84641 | Zot:5    | Gained mutation: You sometimes lose the ability to drink
                  | potions when taking damage. [mutagenic glow]
 84661 | Zot:5    | Lost mutation: You are occasionally teleported next to
                  | monsters. [mutagenic glow]
 85125 | Zot:5    | Killed an ancient lich
 85163 | Zot:5    | Reached skill level 20 in Conjurations
 85229 | Zot:5    | Lost mutation: Armour fits poorly on your strangely shaped
                  | body. [an orb of fire]
 85231 | Zot:5    | Killed an ancient lich
 85233 | Zot:5    | Killed an orb of fire
 85346 | Zot:5    | Gained mutation: You are weak. (Str -2) [an orb of fire]
 85349 | Zot:5    | Noticed an orb of fire
 85351 | Zot:5    | Gained mutation: You occasionally lose the ability to read
                  | scrolls when taking damage. [an orb of fire]
 85363 | Zot:5    | Gained mutation: You are frail. (-10% HP) [an orb of fire]
 85364 | Zot:5    | Gained mutation: Your spells are easier to cast, but less
                  | powerful. [an orb of fire]
 85381 | Zot:5    | Gained mutation: Your body often deteriorates upon taking
                  | damage. [an orb of fire]
 85392 | Zot:5    | Gained mutation: Your spells are much easier to cast, but
                  | much less powerful. [an orb of fire]
 85399 | Zot:5    | Gained mutation: You sometimes lose the ability to read
                  | scrolls when taking damage. [an orb of fire]
 85402 | Zot:5    | HP: 1/158 [orb of fire/fireball (8)]
 85404 | Zot:5    | Killed from afar by an orb of fire

Illustrated notes

Levels and vault maps discovered:
D:1:      dpeg_arrival_subterranean_lakeside_camping, layout_basic,
          chequers_ecumenical_altar_grove
D:2:      layout_basic, st_stairs_9
D:3:      layout_loops_corners
D:4:      layout_gridville, mainiacjoe_overflow_alcove_2,
          minmay_temple_entry_statues_pillars
D:5:      layout_loops_ring, mainiacjoe_overflow_catch_the_wave,
          mainiacjoe_overflow_paths
D:6:      layout_basic
D:7:      layout_cave_pools, serial_shops, kennysheep_little_box, st_stairs_13,
          minmay_misc_feat_rows
D:8:      minmay_goldmine, layout_basic, serial_shops, nicolae_stop_n_shop_1,
          gammafunk_ghost_cemetery
D:9:      minmay_chambers_of_sevens, layout_loops_ring,
          nicolae_overflow_two_pavilions, kennysheep_okawaru_gauntlet,
          enter_bailey_5, minmay_misc_feat_hallway
D:10:     layout_long_grid, orc_david_3
D:11:     layout_big_octagon, erik_lair_island, uniq_gastronok, uniq_harold
D:12:     layout_roguey, hellmonk_ghost_happy_afterlife
D:13:     layout_irregular_city, skrybe_vaults_entry_preservation, serial_shops,
          nicolae_shop_stone
D:14:     layout_small_grid, columned_hall_lemuel, minmay_guarded_unrand_curses,
          uniq_rupert
D:15:     grunt_enter_depths_snipers, layout_loops_ring, serial_shops, shop,
          minivault_16
Temple:   nicolae_temple_superstar
Lair:1:   beast_lair_carwin_large_3, layout_loops_ring,
          cheibrodos_lair_reptile_den
Lair:2:   layout_gridlike, dummy_snake_entry, serial_bayou_pond_e,
          grunt_megastairs_1
Lair:3:   layout_long_grid, minmay_swamp_entry_swarm, gammafunk_ghost_icy
Lair:4:   layout_small_grid
Lair:5:   due_jungle_book, layout_concentric_octagons, slime_entry_1,
          basic_altar, nicolae_lair_lakeside_cave, serial_bayou_shore_a,
          uniq_snorg, uniq_nessos
Swamp:1:  layout_basic_swamp, evilmike_swamp_ruin_rubble_2
Swamp:2:  layout_basic_swamp, evilmike_swamp_ruin_house_1
Swamp:3:  layout_basic_swamp, evilmike_swamp_ruin_house_2
Swamp:4:  nzn_swamp_witches_coven, layout_basic_swamp,
          nicolae_swamp_frolicking_bunyips
Snake:1:  layout_layer_cave, grunt_ministairs_8
Snake:2:  layout_misc_corridors, portal_ice_cave_entry_ugly_swarm, st_stairs_14,
          nicolae_snake_springs, serial_bayou_shore_b, uniq_donald, uniq_aizul
Snake:3:  layout_concentric_octagons
Snake:4:  minmay_snake_end_coiled, layout_gridlike, uniq_vashnia,
          uniq_bai_suzhen
Slime:1:  layout_caves
Slime:2:  layout_caves
Slime:3:  cheibrodos_slime_lost_civilization_3, layout_caves
Slime:4:  layout_caves
Orc:1:    layout_caves
Orc:2:    st_orc_congregation, layout_caves
Elf:1:    eino_elf_arrival_customs, layout_onion_city,
          minmay_elf_crystal_heptagon
Elf:2:    nicolae_elf_blades_splatter_lattice [mumra_blade_entry_bloodbath],
          layout_onion_city, lemuel_upstairs_altar
Elf:3:    nooodl_elf_gasket, layout_geoelf_diagonals
Vaults:1: v_misc_9, nicolae_vaults_circle_grid_a, hangedman_vaults_variations,
          v_rooms_1, v_alt_pattern_6, ontoclasm_vaults_fault,
          nicolae_vaults_circle_grid_a, vaults_room_grunt_arrival_checkpoint,
          v_misc_13, vaults_dpeg_emergency_exit, layout_vaults_ring
Vaults:2: minmay_crypt_entry_simple_box, nicolae_vaults_network_barrier,
          v_misc_2, hangedman_vaults_maws, grunt_vaults_focal,
          vaults_room_fancy_cross, hangedman_vaults_restitches,
          grunt_vaults_funnel, ontoclasm_vaults_ring_small,
          nicolae_vaults_rhombus_6, hangedman_vaults_capsules,
          layout_vaults_omnicross, serial_shops, shop
Vaults:3: v_pattern_3, v_misc_12, v_misc_29, nicolae_vaults_big_ls, v_misc_18,
          v_misc_8, vaults_room_guarded_vault, layout_vaults_quadrants,
          uniq_mara
Vaults:4: grunt_tower_of_power, v_misc_11, ontoclasm_vaults_spin, v_misc_9,
          v_misc_8, vaults_room_grunt_arrival_ludios, nicolae_vaults_alarming,
          layout_vaults_big_room, serial_shops, nicolae_shop_behind_doors
Vaults:5: serial_shops
Depths:1: minmay_ambush_box, layout_cave_shapes, enter_ziggurat_e,
          hangedman_tar_grid_catacomb, kennysheep_dice, grunt_megastairs_5
Depths:2: minmay_the_grid_net [minmay_the_grid_large_cup, minmay_the_grid_x,
          minmay_the_grid_small_cups, minmay_the_grid_box_x,
          minmay_the_grid_doors, minmay_the_grid_prize_four_corners_diamond_b],
          layout_basic, hell_entry, rand_demon_pan_entry_4,
          minmay_staircase_bubble, uniq_josephina
Depths:3: kennysheep_bubbly, layout_gridlike, abyss_entry,
          pf_hell_entry_great_geh, minmay_staircase_windowed_small,
          uniq_saint_roka, uniq_enchantress, uniq_sojobo
Depths:4: grunt_zot_entry_bicorn, layout_gridlike, serial_shops,
          nicolae_shop_bloodbath_and_beyond, ebering_ghost_xom,
          grunt_hell_entry_demonic_statue, serial_bayou_shore_b
Zot:1:    layout_onion_interference
Zot:2:    layout_gridlike, hangedman_zot_decor_slant, hangedman_zot_gyre,
          st_stairs_7, uniq_parghit
Zot:3:    layout_basic
Zot:4:    layout_twisted_circle, uniq_tiamat
Zot:5:    layout_misc_corridors

Skill      XL: |  1  2  3  4  5  6  7  8  9 10 11 12 13 14 15 16 17 18 19 20 21 22 23 24 25 26 27 |
---------------+----------------------------------------------------------------------------------+-----
Fighting       | 1 2 3 4 5 6 7 8 10 11 12 13 14 15 16 17 18 | 18.9
Earth Magic    | 4 5 6 7 8 9 11 13 14 16 | 16.6
Armour         | 1 2 3 4 5 6 8 9 10 12 13 14 15 16 17 18 19 | 19.3
Spellcasting   | 3 4 5 6 7 8 9 10 11 12 13 | 13.5
Transmutations | 1 2 3 4 6 7 8 9 |  9.7
Conjurations   | 3 4 6 8 9 11 12 13 15 16 17 18 19 20 | 20.0
Translocations | 2 3 4 7 8 10 | 10.4
Air Magic      | 1 2 3 |  3.1
Shields        | 2 5 6 8 9 11 12 13 15 16 17 18 | 18.6
Invocations    | 2 4 6 8 10 | 10.0
Evocations     | 3 5 6 8 9 10 11 | 11.0
Staves         | 3 5 7 8 |  8.5
Hexes          | 2 7 10 12 | 12.4
Stealth        | 3 |  3.6
Summonings     | 5 7 8 10 | 10.8
Dodging        | 4 7 |  7.6

Action                   |  1- 3 |  4- 6 |  7- 9 | 10-12 | 13-15 | 16-18 | 19-21 | 22-24 | 25-27 || total
-------------------------+-------+-------+-------+-------+-------+-------+-------+-------+-------++-------
Melee: Unarmed           |     5 |     3 |       |       |       |       |       |       |       ||     8
       Staff             |       |     7 |       |       |   238 |   843 |  1186 |  1632 |   634 ||  4540
       Flail             |       |    12 |    15 |       |       |       |       |       |       ||    27
       Short sword       |       |       |    79 |     6 |       |       |       |       |       ||    85
       Punch             |       |       |     1 |       |       |       |       |       |       ||     1
       Dagger            |       |       |       |   210 |   416 |       |       |       |       ||   626
       Headbutt          |       |       |       |       |       |       |       |   100 |   228 ||   328
 Cast: Sandblast         |    53 |   108 |   109 |   145 |   132 |    47 |     7 |       |       ||   601
       Stone Arrow       |       |       |    42 |   217 |   507 |   546 |   342 |   347 |    98 ||  2099
       Blink             |       |       |       |     4 |    21 |     4 |     8 |    25 |    14 ||    76
       Swiftness         |       |       |       |     1 |       |       |     2 |     2 |     1 ||     6
       Irradiate         |       |       |       |       |    57 |    95 |   116 |    97 |    60 ||   425
       Passage of Golubr |       |       |       |       |     3 |     4 |    12 |    11 |    16 ||    46
       Yara's Violent Un |       |       |       |       |       |       |    12 |     1 |     8 ||    21
       Iron Shot         |       |       |       |       |       |       |       |   205 |   304 ||   509
       Animate Armour    |       |       |       |       |       |       |       |    13 |     7 ||    20
       Passwall          |       |       |       |       |       |       |       |     2 |       ||     2
       Summon Forest     |       |       |       |       |       |       |       |       |     6 ||     6
Invok: Purification      |       |       |     1 |     1 |     1 |     2 |     3 |    15 |     3 ||    26
       Heal Self         |       |       |       |     1 |       |     3 |    11 |    10 |    26 ||    51
       Divine Vigour     |       |       |       |       |       |       |       |     1 |     1 ||     2
Evoke: Wand              |       |       |     6 |     6 |     8 |    13 |    15 |     5 |     3 ||    56
       Phial of floods   |       |       |       |       |     2 |       |     5 |     5 |     4 ||    16
       Condenser vane    |       |       |       |       |       |       |     2 |     3 |     5 ||    10
       Tin of tremorston |       |       |       |       |       |       |       |     6 |     6 ||    12
       Lightning rod     |       |       |       |       |       |       |       |       |    16 ||    16
       Phantom mirror    |       |       |       |       |       |       |       |       |     1 ||     1
  Use: Scroll            |       |       |       |    11 |     8 |    10 |    13 |     5 |    13 ||    60
       Potion            |       |       |       |       |     4 |       |     2 |     6 |    16 ||    28
 Stab: Invisible         |       |       |     2 |       |       |       |     2 |     1 |       ||     5
       Sleeping          |       |       |       |     1 |     1 |     1 |       |       |       ||     3
       Distracted        |       |       |       |       |       |       |     1 |     1 |     1 ||     3
       Confused          |       |       |       |       |       |       |       |       |     5 ||     5
Armor: Leather armour    |    16 |    73 |    78 |       |       |       |       |       |       ||   167
       Ring mail         |       |       |     8 |    26 |       |       |       |       |       ||    34
       Troll leather arm |       |       |       |   295 |   610 |   415 |       |       |       ||  1320
       Chain mail        |       |       |       |       |       |   410 |  1147 |  1735 |  1262 ||  4554
Dodge: Dodged            |    22 |    80 |    85 |   233 |   496 |   390 |   534 |   851 |   543 ||  3234
Block: Buckler           |       |       |       |   254 |   584 |   671 |   355 |       |       ||  1864
       Reflection        |       |       |       |    11 |    20 |    43 |    46 |       |       ||   120
       Other             |       |       |       |       |     3 |       |       |       |       ||     3
       Kite shield       |       |       |       |       |       |       |   593 |   870 |       ||  1463
       Tower shield      |       |       |       |       |       |       |       |  1020 |  1317 ||  2337

Table legend: (Time is in decaauts)
 A = Elapsed time spent in this place.
 B = Non-inter-level travel time spent in this place.
 C = Inter-level travel time spent in this place.
 D = Time resting spent in this place.
 E = Time spent auto-exploring this place.
 F = Levels seen in this place.
 G = Mean time per level.
                   A        B        C        D        E       F      G
               +--------+--------+--------+--------+--------+-----+--------+
         Total |  86109 |  78834 |   7275 |  20762 |  37059 |  58 | 1484.6 |
       Dungeon |  20289 |  17877 |   2412 |   3408 |  10801 |  15 | 1352.6 |
        Temple |    150 |    115 |     35 |      0 |    100 |   1 |  150.0 |
          Lair |  12628 |  11490 |   1138 |   3598 |   5237 |   5 | 2525.6 |
         Swamp |   8146 |   7935 |    211 |   3767 |   2745 |   4 | 2036.5 |
     Snake Pit |   7883 |   7509 |    374 |   1841 |   3840 |   4 | 1970.8 |
    Slime Pits |   2781 |   2586 |    195 |    569 |   1214 |   4 |  695.2 |
  Orcish Mines |   3645 |   3020 |    625 |   1116 |   1083 |   2 | 1822.5 |
   Elven Halls |   6293 |   5825 |    468 |   1567 |   2608 |   3 | 2097.7 |
        Vaults |   9737 |   8578 |   1159 |   1740 |   3649 |   5 | 1947.4 |
        Depths |   7115 |   6624 |    491 |   1470 |   2915 |   4 | 1778.8 |
           Zot |   4568 |   4406 |    162 |    927 |   2174 |   5 |  913.6 |
         Abyss |    825 |    825 |      0 |    127 |      0 |   4 |  206.2 |
        Bailey |    646 |    646 |      0 |     87 |    276 |   1 |  646.0 |
      Ice Cave |   1396 |   1396 |      0 |    540 |    413 |   1 | 1396.0 |
               +--------+--------+--------+--------+--------+-----+--------+

Top non-repeatable levels by time:
  Lair:5: 5191 daAuts
 Swamp:4: 3297 daAuts
   Orc:2: 2831 daAuts
Vaults:4: 2615 daAuts
   Elf:3: 2480 daAuts
Depths:4: 2416 daAuts
  Lair:1: 2313 daAuts
Vaults:3: 2267 daAuts
    D:13: 2219 daAuts
 Snake:4: 2174 daAuts
    D:10: 2094 daAuts
   Elf:2: 2079 daAuts
Depths:2: 2046 daAuts
  Lair:2: 2011 daAuts
 Snake:2: 1996 daAuts
